 Dungeon Crawl Stone Soup version 0.13.0-9-gbc74161 (webtiles) character file.

133 Malachi the Grave Robber (level 3, -1/24 HPs)
             Began as a Mummy Necromancer on Oct 17, 2013.
             Slain by an adder (4 damage)
             ... on Level 2 of the Dungeon.
             The game lasted 00:03:09 (2342 turns).

Malachi the Grave Robber (Mummy Necromancer)        Turns: 2342, Time: 00:03:09

HP  -1/24        AC  2     Str 11      XL: 3   Next: 10%
MP   4/5         EV 12     Int 15      God:
Gold 101         SH  0     Dex 12      Spells:  2 memorised,  1 level left

Res.Fire  : x . .   See Invis. : .   c - +0 dagger (drain)
Res.Cold  : + . .   Warding    : .   a - +0 robe
Life Prot.: + + +   Conserve   : .   (no shield)
Res.Poison: +       Res.Corr.  : .   (no helmet)
Res.Elec. : .       Clarity    : .   (no cloak)
Sust.Abil.: . .     Spirit.Shd : .   (no gloves)
Res.Mut.  : .       Stasis     : .   (no boots)
Res.Rott. : +       Flight     : .   e - amulet of the gourmand {unknown}
Saprovore : . . .                    (no ring)
                                     (no ring)

@: slightly resistant to hostile enchantments, unstealthy
A: no food or potions, fire vulnerability, restore body, cold resistance 1, life
protection 3, poison resistance, torment resistance, unbreathing
a: no special abilities


You were on level 2 of the Dungeon.
You were not hungry.

You visited 1 branch of the dungeon, and saw 2 of its levels.

You collected 81 gold pieces.

Inventory:

Hand weapons
 c - a +0,+0 dagger of draining (weapon)
 d - a +0,+2 sling of frost
Missiles
 g - 3 poisoned needles
Armour
 a - a +0 robe (worn)
Scrolls
 f - 4 scrolls of identify {unknown}
 h - a scroll of curse jewellery {unknown}
 i - a scroll of teleportation {unknown}
Jewellery
 e - an amulet of the gourmand (around neck) {unknown}
Books
 b - a book of Necromancy

   Spells                             Type                      Level
   *Pain                              Necromancy                   1
   Animate Skeleton                   Necromancy                   1
   *Lethal Infusion                   Charms/Necromancy            2
   Vampiric Draining                  Necromancy                   3
   Regeneration                       Charms/Necromancy            3
   Animate Dead                       Necromancy                   4
   Control Undead                     Necromancy                   4


   Skills:
 - Level 1.5 Dodging
 - Level 1.5 Stealth
 - Level 1.0 Spellcasting
 * Level 5.0 Necromancy


You had one spell level left.
You knew the following spells:

 Your Spells              Type           Power        Failure   Level  Hunger
a - Pain                  Necr           ###.         3%          1    N/A
b - Lethal Infusion       Chrm/Necr      #.........   14%         2    N/A

Dungeon Overview and Level Annotations

Branches:
Dungeon (2/27)

Altars:
Kikubaaqudgha


Innate Abilities, Weirdness & Mutations

You do not eat or drink.
Your flesh is vulnerable to fire.
Your flesh is cold resistant.
You are immune to negative energy.
Your system is resistant to poisons.
You are immune to unholy pain and torment.
You can survive without breathing.


Message History

* * * LOW HITPOINT WARNING * * *
The adder barely misses you.
You miss the adder. The adder closely misses you.
You hit the adder.
The adder is lightly wounded.
The adder bites you.
* * * LOW HITPOINT WARNING * * *
You hit the adder. You drain the adder!
The adder is heavily wounded.
The adder barely misses you. The adder closely misses you.
You closely miss the adder.
The adder is heavily wounded.
The adder barely misses you.
You hit the adder but do no damage. You drain the adder!
The adder is severely wounded.
The adder barely misses you.
You closely miss the adder.
The adder is severely wounded.
The adder bites you.
You die...

##. #... #..
.>. ... #.# .#
#.# #.# # #S#
###.###
##.#.###@#
....[..
.........###.#
....#
##......(....#
....#
###.###.#####
....# # #.#
....##### #.#
........# #.#
....###.# #.#
###.# #.#


You could see an adder.

Vanquished Creatures
  An adder (D:2)
  3 giant geckos
  4 bats
  A giant cockroach (D:1)
  4 goblins
  4 hobgoblins
  5 kobolds
  A giant newt (D:1)
  A rat (D:1)
24 creatures vanquished.

Notes
Turn   | Place    | Note
--------------------------------------------------------------
     0 | D:1      | Malachi, the Mummy Necromancer, began the quest for the Orb.
     0 | D:1      | Reached XP level 1. HP: 13/13 MP: 3/3
   881 | D:1      | Reached XP level 2. HP: 19/19 MP: 2/4
   907 | D:1      | Learned a level 2 spell: Lethal Infusion
  2167 | D:2      | Reached skill level 5 in Necromancy
  2167 | D:2      | Reached XP level 3. HP: 18/24 MP: 2/5
  2288 | D:2      | Found an ancient bone altar of Kikubaaqudgha.
  2342 | D:2      | Slain by an adder

Action                   || total
-------------------------++-------
Melee: Unarmed           ||     7
       Dagger            ||    78
 Cast: Pain              ||    21
       Lethal Infusion   ||     7
  Use: Scroll            ||     1
